 Dungeon Crawl Stone Soup version 0.27.1-33-g824d729ab1 (webtiles) character file.

Game seed: 17481387416119671550

50 MisterFreud the Chopper (level 3, -2/31 HPs)
             Began as a Hill Orc Abyssal Knight on Dec 19, 2021.
             Was a Believer of Lugonu.
             Slain by a worm (10 damage)
             ... on level 2 of the Dungeon.
             The game lasted 00:02:11 (2183 turns).

MisterFreud the Chopper (Hill Orc Abyssal Knight)   Turns: 2183, Time: 00:02:11

Health: -2/31      AC:  3    Str: 15    XL:     3   Next: 79%
Magic:  4/4        EV: 11    Int: 12    God:    Lugonu [**....]
Gold:   60         SH:  0    Dex: 10    Spells: 2/2 levels left

rFire    . . .     SeeInvis .   a - +1 hand axe
rCold    . . .     Faith    .   (no shield)
rNeg     . . .     Spirit   .   b - +0 leather armour
rPois    .         Reflect  .   (no helmet)
rElec    .         Harm     .   (no cloak)
rCorr    .         Rampage  .   (no gloves)
Will     .....                  (no boots)
Stlth    +.........             (no amulet)
HPRegen  0.10/turn              (no ring)
MPRegen  0.09/turn              (no ring)

@: no status effects
A: no striking features
a: Renounce Religion, Depart the Abyss, Bend Space


You were on level 2 of the Dungeon.
You worshipped Lugonu.
Lugonu was pleased with you.
You visited 1 branch of the dungeon, and saw 2 of its levels.
You visited the Abyss 1 time.

You collected 60 gold pieces.

Inventory:

Hand Weapons
 a - a +1 hand axe (weapon)
Missiles
 e - 15 poisoned darts
Armour
 b - a +0 leather armour (worn)
Scrolls
 c - 2 scrolls of identify {unknown}
 d - a scroll of amnesia {unknown}
 f - a scroll of enchant armour {unknown}
 g - a scroll of fear {unknown}


   Skills:
 - Level 3.6 Fighting
 + Level 5.3 Axes
 - Level 2.1 Armour
 - Level 0.7 Dodging
 - Level 2.4 Invocations


You had 2 spell levels left.
You didn't know any spells.
Your spell library contained the following spells:

 Spells                   Type           Power      Damage    Failure   Level
 Gell's Gravitas          Tloc           0%         N/A       77%         3
 Teleport Other           Tloc           0%         N/A       77%         3
 Dispersal                Tloc           0%         N/A       100%        6


Dungeon Overview and Level Annotations

Branches:
Dungeon (2/15)

Altars:
Qazlal


Message History

The jackal bites you but does no damage.
The jackal barely misses you.
You miss the jackal.
The jackal is moderately wounded.
The jackal barely misses you.
You barely miss the jackal.
The jackal is moderately wounded.
You hit the worm.
The jackal bites you but does no damage.
The worm bites you!
You hit the jackal.
The jackal is severely wounded.
You barely miss the worm. The jackal bites you. The jackal barely misses you.
Unknown command.
You closely miss the jackal.
The jackal is severely wounded.
You barely miss the worm. The jackal closely misses you.
The worm closely misses you.
Unknown command.
You barely miss the jackal.
The jackal is severely wounded.
You hit the worm. The jackal barely misses you.
The jackal bites you but does no damage.
The worm bites you!
Unknown command.
You are too injured to fight recklessly!
Unknown command.
You are too injured to fight recklessly!
Unknown command.
You hit the worm.
The worm is moderately wounded.
You closely miss the jackal. The jackal bites you.
* * * LOW HITPOINT WARNING * * *
You barely miss the worm.
The worm is moderately wounded.
You barely miss the jackal.
The jackal bites you but does no damage.
The worm barely misses you. The jackal misses you. The worm bites you!
You die...

########## # .........#
######## #.......#
#.....##
#.......####.....##
+..........'.....+.
#.......####.....##
#.......#######'###
.##.######..#.#..........
>.....Sh@...#.#..........
.##.###.w...#.#.......###
#.._..#.#.......#
.........#.......###
##......###.......##.
###......#.......##.
###.#....#.###......
.........#.#####.##.
....................


You could see a worm, a jackal and a ball python.

Vanquished Creatures
  An adder (D:2)
  4 ball pythons (D:1)
  5 endoplasms (D:1)
  4 giant cockroaches
  2 goblins
  2 hobgoblins (D:1)
  5 jackals
  3 kobolds
  A quokka (D:1)
  A bat (D:2)
  3 frilled lizards
  6 rats
37 creatures vanquished.

Notes
Turn   | Place    | Note
-------+----------+-------------------------------------------
     0 | Abyss:1  | MisterFreud the Hill Orc Abyssal Knight began the quest for
                  | the Orb.
     0 | Abyss:1  | Reached XP level 1. HP: 19/19 MP: 2/2
     3 | Abyss:1  | Found a corrupted altar of Lugonu.
    16 | D:1      | Escaped the Abyss
    99 | D:1      | Reached skill level 3 in Axes
   281 | D:1      | Reached XP level 2. HP: 26/26 MP: 3/3
   645 | D:1      | Reached skill level 4 in Axes
  1083 | D:1      | Reached XP level 3. HP: 29/31 MP: 4/4
  1395 | D:1      | Reached ** piety under Lugonu
  1689 | D:2      | Found a stormy altar of Qazlal.
  1748 | D:2      | Reached skill level 5 in Axes
  2183 | D:2      | Slain by a worm

Illustrated notes

Levels and vault maps discovered:
D:1:      wander_arrival_estate, layout_basic
D:2:      layout_basic, shapermc_ecumenical_altar_rom_forum, basic_altar

Skill      XL: |  1  2  3 |
---------------+----------+-----
Axes           | 3 4 5 |  5.3
Fighting       | |  3.6
Armour         | |  2.1
Dodging        | |  0.7
Invocations    | |  2.4

Action                   || total
-------------------------++-------
Melee: Hand axe          ||   157
Armor: Leather armour    ||    54
Dodge: Dodged            ||   106
